AoeStats
← TheQuietRiot

Arabia

506647623Analyzed
1v1 RM · 19d ago on Sep 14, 2026· 35m 4s· 2 players
Game mode
Random Map
Map size
Tiny (2 player)
Population
200
Speed
Normal
Resources
Standard
Victory
Conquest
Starting age
Dark Age
Ending age
Imperial Age
RankedLock teamsTeams togetherTeam positionsShared explorationLock speedFull tech treeHidden civsTurbo modeCheats
Victory
Defeat
🇬🇧 Teutons · United Kingdom
971
+15
🇨🇴 Turks · Colombia
946
-15
jhgomez13
8:11 Loom
11:28 Feudal Age
20:12 Town Watch
25:08 Castle Age
23:53 Double-Bit Axe
24:04 Fletching
24:39 Forging
24:56 Horse Collar
25:09 Gold Mining
25:18 Stone Mining
26:01 Squires
26:16 Bloodlines
26:07 Husbandry
31:45 Scale Barding Armor
TheQuietRiot
10:01 Feudal Age
8:18 Loom
11:07 Double-Bit Axe
17:24 Castle Age
15:35 Stone Mining
16:09 Horse Collar
18:40 Forging
19:16 Bloodlines
20:14 Bloodlines
22:28 Wheelbarrow
23:47 Heavy Plow
24:05 Bow Saw
24:54 Town Watch
30:09 Gold Mining
30:54 Stone Shaft Mining
31:02 Hand Cart
35:57 Imperial Age
35:20 Iron Casting
34:48 Scale Mail Armor
34:41 Fletching
35:17 Ballistics
Connection lost

Rejoining the realm…

Still unreachable

The connection could not be restored.

Session expired

The server has moved on; the page needs a fresh start.